 Dungeon Crawl Stone Soup version 0.31-a0-799-g6bc09d010c (webtiles) character file.

Game seed: 15536658526164835156

72 LustLizard the Firebug (level 4, 0/25 HPs)
             Began as a Gargoyle Fire Elementalist on Sept 20, 2023.
             Slain by Terence
             ... wielding a +0 trident
              (8 damage)
             ... on level 2 of the Dungeon.
             The game lasted 00:03:29 (2341 turns).

LustLizard the Firebug (Gargoyle Fire Elementalist) Turns: 2341, Time: 00:03:29

Health: 0/25       AC: 12    Str: 13    XL:     4   Next: 25%
Magic:  0/7        EV: 11    Int: 16    God:
Gold:   68         SH:  0    Dex: 10    Spells: 4/7 levels left

rFire   . . .        e - +0 mace (protect)
rCold   . . .        (no shield)
rNeg    + . .        a - +0 robe
rPois   ∞            (no helmet)
rElec   +            (no cloak)
rCorr   .            (no gloves)
SInv    .            (no boots)
Will    .....        g - amulet of guardian spirit
Stlth   ++           (no ring)
HPRegen 0.24/turn    (no ring)
MPRegen 0.10/turn

%: guardian spirit
@: under a protective aura
A: sickness immunity, AC +3, negative energy resistance 1, electricity
resistance, torment resistance 1, petrification resistance
a: no special abilities


You were on level 2 of the Dungeon.
You visited 1 branch of the dungeon, and saw 2 of its levels.

You collected 68 gold pieces.

Inventory:

Hand Weapons
 e - a +0 mace of protection (weapon)
Missiles
 i - 8 poisoned darts
 j - 3 curare-tipped darts
Armour
 a - a +0 robe (worn)
 c - a +0 leather armour
Jewellery
 g - an amulet of guardian spirit (around neck)
Scrolls
 h - a scroll of silence {unknown}
 l - a scroll of enchant weapon {unknown}
Potions
 b - a potion of magic
 d - 2 potions of curing
 f - a potion of brilliance
 k - a potion of enlightenment


   Skills:
 + Level 1.2 Fighting
 + Level 1.2 Maces & Flails
 - Level 1.5 Dodging
 + Level 2.6 Stealth
 + Level 2.3 Spellcasting
 + Level 1.8 Conjurations
 * Level 3.7 Fire Magic


You had 4 spell levels left.
You knew the following spells:

 Your Spells              Type           Power      Damage    Failure   Level
a - Foxfire               Conj/Fire      40%        2x1d6     6%          1
b - Scorch                Fire           26%        2d6       6%          2

Your spell library contained the following spells:

 Spells                   Type           Power      Damage    Failure   Level
 Inner Flame              Hex/Fire       7%         N/A       28%         3
 Volatile Blastmotes      Fire/Tloc      14%        2d11      28%         3
 Flame Wave               Conj/Fire      10%        2d6       54%         4


Dungeon Overview and Level Annotations

Branches:
Dungeon (2/15)

Altars:

Annotations:
D:2 Terence


Innate Abilities, Weirdness & Mutations

You are immune to sickness and miasma.
Your stone body is resilient. (AC +3)
You are immune to poison.
You resist negative energy. (rN+)
You are resistant to electric shocks. (rElec)
You are resistant to unholy torment.
You are immune to petrification.


Message History

The foxfire hits Terence but does no damage.
Terence is moderately wounded.
The foxfire hits Terence.
Terence is heavily wounded.
Terence hits you from afar with a +0 trident.
Casting: Foxfire (safe; 6% risk of failure)
Confirm with . or Enter, or press ? or * to list all spells.
You conjure some foxfire!
Terence hits you from afar with a +0 trident.
The foxfire hits Terence.
Terence is severely wounded.
The foxfire hits Terence but does no damage.
Terence is severely wounded.
Terence barely misses you. Terence hits you with a +0 trident.
You barely miss Terence.
Terence is severely wounded.
Terence hits you with a +0 trident!
* * * LOW HITPOINT WARNING * * *
You hit Terence but do no damage.
Your weapon exudes an aura of protection.
Terence is severely wounded.
Terence hits you but does no damage. Terence closely misses you.
You hit Terence but do no damage.
Terence is severely wounded.
Terence hits you with a +0 trident.
* * * LOW HITPOINT WARNING * * *
You hit Terence but do no damage.
Terence is severely wounded.
Terence hits you with a +0 trident.
* * * LOW HITPOINT WARNING * * *
It was a potion of curing.
You feel better. Terence hits you with a +0 trident.
* * * LOW HITPOINT WARNING * * *
You hit Terence.
Terence is almost dead.
Terence barely misses you.
You hit Terence but do no damage.
Terence is almost dead.
Terence hits you with a +0 trident!
You die...

#.# #.# #.# #.# #.# #.# #.#
#.# ##.## #.##### #.# #...###
#.....# #.# #.....# ##..##.#
#.# #...#.# ....##.# #.#
#####.# ###..#.## #@# #.#
..##....# ######@# #.#
#..#.#..# #......# #.#
.#.+.#..###.######## #.#
#..#...)........(..# #.#
..##....#.########.### #.#
###..#..#.## #.<...# #.#
....##.....#####.#.#.#######.#
#.####.....#.................#
.........<...###.#.#.#########


You could see Terence.

Vanquished Creatures
  2 adders (D:2)
  2 worms (D:2)
  2 dart slugs (D:1)
  4 ball pythons
  3 endoplasms (D:2)
  4 giant cockroaches
  4 goblins
  5 hobgoblins
  4 quokkas
  5 bats
  4 kobolds
  A rat (D:1)
40 creatures vanquished.

Vanquished Creatures (others)
  109 foxfires
109 creatures vanquished.

Grand Total: 149 creatures vanquished

Notes
Turn   | Place    | Note
-------+----------+-------------------------------------------
     0 | D:1      | LustLizard the Gargoyle Fire Elementalist began the quest
                  | for the Orb.
     0 | D:1      | Reached XP level 1. HP: 10/10 MP: 3/3
   387 | D:1      | Reached XP level 2. HP: 16/16 MP: 1/5
  1158 | D:2      | Learned a level 2 spell: Scorch
  1194 | D:2      | Reached XP level 3. HP: 20/20 MP: 2/6
  1566 | D:2      | Reached skill level 1 in Maces & Flails
  1694 | D:2      | Reached skill level 1 in Fighting
  1904 | D:2      | Reached XP level 4. HP: 25/25 MP: 1/7
  2276 | D:2      | Noticed Terence
  2338 | D:2      | HP: 1/25 [Terence/+0 trident (2)]
  2341 | D:2      | Slain by Terence

Illustrated notes

Levels and vault maps discovered:
D:1:      saegor_arrival_simple_b, layout_loops_ring, minmay_misc_feat_iff
D:2:      layout_loops_ring, minmay_box_of_dots, uniq_terence

Skill      XL: |  1  2  3 |
---------------+----------+-----
Maces & Flails | 1 |  1.2
Fighting       | 1 |  1.2
Dodging        | |  1.5
Stealth        | |  2.6
Spellcasting   | |  2.3
Conjurations   | |  1.8
Fire Magic     | |  3.7

Action                     |  1- 3 |  4- 6 || total
---------------------------+-------+-------++-------
  Melee: Mace              |    31 |    13 ||    44
         Punch             |     1 |       ||     1
   Cast: Foxfire           |    71 |    10 ||    81
         Scorch            |     5 |     4 ||     9
    Use: Scroll            |     2 |       ||     2
         Potion            |       |     1 ||     1
 Armour: Robe              |    24 |    16 ||    40
  Dodge: Dodged            |    19 |    11 ||    30

Table legend: (Time is in decaauts)
 A = Elapsed time spent in this place.
 B = Non-inter-level travel time spent in this place.
 C = Inter-level travel time spent in this place.
 D = Time resting spent in this place.
 E = Time spent auto-exploring this place.
 F = Levels seen in this place.
 G = Mean time per level.
                   A        B        C        D        E       F      G
               +--------+--------+--------+--------+--------+-----+--------+
         Total |   2355 |   2353 |      2 |     37 |   1981 |   2 | 1177.5 |
       Dungeon |   2355 |   2353 |      2 |     37 |   1981 |   2 | 1177.5 |
               +--------+--------+--------+--------+--------+-----+--------+

Top non-repeatable levels by time:
     D:2: 1202 daAuts
     D:1: 1152 daAuts
